 Dungeon Crawl Stone Soup version 0.28.0-43-g3370ac3207 (webtiles) character file.

Game seed: 1864270144681748635

134 Kaptain the Digger (level 5, -4/29 HPs)
             Began as a Gargoyle Earth Elementalist on Mar 17, 2022.
             Slain by a gnoll
             ... wielding a +0 flail
              (7 damage)
             ... on level 3 of the Dungeon.
             The game lasted 00:06:01 (2520 turns).

Kaptain the Digger (Gargoyle Earth Elementalist)    Turns: 2520, Time: 00:06:01

Health: -4/29      AC:  7    Str: 11    XL:     5   Next: 17%
Magic:  4/9        EV: 12    Int: 18    God:
Gold:   57         SH:  0    Dex: 10    Spells: 5/9 levels left

rFire   . . .      SeeInvis .   l - +3 dagger
rCold   . . .      Faith    .   (no shield)
rNeg    + . .      Spirit   .   b - +0 robe
rPois   ∞          Reflect  .   a - +0 helmet
rElec   +          Harm     .   (no cloak)
rCorr   .          Rampage  .   (no gloves)
Will    .....                   (no boots)
Stlth   ++........              (no amulet)
HPRegen 0.09/turn               (no ring)
MPRegen 0.11/turn               (no ring)

@: no status effects
A: sickness immunity, AC +4, negative energy resistance 1, electricity
resistance, torment resistance 1, petrification resistance
a: no special abilities


You were on level 3 of the Dungeon.
You visited 1 branch of the dungeon, and saw 3 of its levels.

You collected 71 gold pieces.
You spent 14 gold pieces at shops.

Inventory:

Hand Weapons
 e - a +0 short sword
 i - a +0 hunting sling
 l - a +3 dagger (weapon)
Missiles
 c - 16 stones
 m - 36 sling bullets
Armour
 a - a +0 helmet (worn)
 b - a +0 robe (worn)
Scrolls
 g - a scroll of enchant weapon {unknown}
 h - a scroll of summoning
 k - 2 scrolls of identify {unknown}
 n - a scroll of noise {unknown}
 o - a scroll of blinking {unknown}
 r - a scroll of enchant armour {unknown}
Potions
 d - a potion of haste {unknown}
 f - a potion of ambrosia {unknown}
 j - a potion of curing {unknown}
 p - a potion of magic {unknown}
 q - a potion of invisibility {unknown}


   Skills:
 * Level 1.5 Fighting
 + Level 1.3 Armour
 + Level 1.9 Dodging
 + Level 2.5 Stealth
 * Level 2.7 Spellcasting
 * Level 2.0 Conjurations
 - Level 0.7 Transmutations
 * Level 4.5 Earth Magic


You had 5 spell levels left.
You knew the following spells:

 Your Spells              Type           Power      Damage    Failure   Level
a - Sandblast             Erth           36%        2d10      2%          1
b - Stone Arrow           Conj/Erth      28%        3d8       13%         3

Your spell library contained the following spells:

 Spells                   Type           Power      Damage    Failure   Level
 Passwall                 Tmut/Erth      9%         N/A       9%          2
 Corpse Rot               Necr/Air       4%         N/A       26%         2
 Petrify                  Tmut/Erth      11%        N/A       50%         4
 Animate Armour           Summ/Erth      20%        N/A       54%         4
 Dispel Undead            Necr           2%         3d7       86%         4
 Death Channel            Necr           1%         N/A       100%        6
 Lehudib's Crystal Spear  Conj/Erth      7%         10d3      100%        8


Dungeon Overview and Level Annotations

Branches:
Dungeon (3/15)

Altars:
Gozag

Shops:
D:1 *!**   D:2 ==[*?


Innate Abilities, Weirdness & Mutations

You are immune to sickness and miasma.
Your stone body is resilient. (AC +4)
You are immune to poison.
You resist negative energy. (rN+)
You are resistant to electric shocks. (rElec)
You are resistant to unholy torment.
You are immune to petrification.


Message History

Casting: Sandblast (safe; 2% risk of failure)
Confirm with . or Enter, or press ? or * to list all spells.
Aiming: Sandblast (safe; 2% risk of failure)
Press: ? - help, Shift-Dir - straight line, f/p - gnoll
Aim: a gnoll, wielding a +0 spear (severely wounded, 82% to hit)
The blast of sand hits the gnoll!
You kill the gnoll!
Your Conjurations skill increases to level 2!
Unknown command.
Unknown command.
Casting: Sandblast (safe; 2% risk of failure)
Confirm with . or Enter, or press ? or * to list all spells.
Aiming: Sandblast (safe; 2% risk of failure)
Press: ? - help, Shift-Dir - straight line, f - gnoll
Aim: a gnoll, wielding a +0 flail (82% to hit)
The blast of sand hits the gnoll!
The gnoll is almost dead.
The gnoll misses you.
Unknown command.
Casting: Sandblast (safe; 2% risk of failure)
Confirm with . or Enter, or press ? or * to list all spells.
Aiming: Sandblast (safe; 2% risk of failure)
Press: ? - help, Shift-Dir - straight line, f/p - gnoll
Aim: a gnoll, wielding a +0 flail (almost dead, 82% to hit)
The blast of sand misses the gnoll.
The blast of sand hits the gnoll.
The gnoll is moderately wounded.
The gnoll hits you from afar with a +0 halberd!
The gnoll hits you with a +0 flail.
Casting: Sandblast (safe; 2% risk of failure)
Confirm with . or Enter, or press ? or * to list all spells.
Aiming: Sandblast (safe; 2% risk of failure)
Press: ? - help, Shift-Dir - straight line, f/p - gnoll
Aim: a gnoll, wielding a +0 flail (almost dead, 82% to hit)
The blast of sand misses the gnoll.
The blast of sand hits the gnoll.
The gnoll is severely wounded.
The gnoll hits you from afar with a +0 halberd!
Ouch! That really hurt!
* * * LOW HITPOINT WARNING * * *
The gnoll hits you with a +0 flail!
You die...

## .. .##### ####♣♣♣♣♣
g<... ......>.# g...
.......# .)###..
#####...####.......
#........@ggg......
..#.###..############ ###
#^#.# #......... .#..
....####.####### .#.#
#...##.......#
...###...##.#.###.#
..<....#.##.#...#.######
.###...#.##.#..........#
...............#######...


You could see 3 gnolls.

Vanquished Creatures
  2 gnolls
  4 adders (D:2)
  An adder zombie (D:2)
  4 dart slugs
  3 bats
  A bat skeleton (D:2)
  A bat zombie (D:2)
  3 endoplasms
  2 giant cockroaches
  12 goblins
  2 hobgoblins
  5 jackals
  6 kobolds
  4 ball pythons
  A ball python skeleton (D:2)
  A ball python zombie (D:2)
  2 frilled lizards (D:1)
  A giant cockroach zombie (D:2)
  2 jackal skeletons (D:2)
  A quokka zombie (D:2)
  6 rats
64 creatures vanquished.

Vanquished Creatures (collateral kills)
  A goblin (D:2)
1 creature vanquished.

Vanquished Creatures (others)
  2 plants (D:3)
2 creatures vanquished.

Grand Total: 67 creatures vanquished

Notes
Turn   | Place    | Note
-------+----------+-------------------------------------------
     0 | D:1      | Kaptain the Gargoyle Earth Elementalist began the quest for
                  | the Orb.
     0 | D:1      | Reached XP level 1. HP: 10/10 MP: 3/3
    57 | D:1      | Found Xeunoemu's General Store.
   163 | D:1      | Reached XP level 2. HP: 14/16 MP: 0/5
   405 | D:1      | Found Coost's General Store.
   448 | D:1      | Reached skill level 4 in Earth Magic
   701 | D:1      | Reached skill level 1 in Conjurations
   701 | D:1      | Reached XP level 3. HP: 14/20 MP: 4/6
   954 | D:1      | Found Plog's General Store.
  1118 | D:1      | Reached skill level 1 in Fighting
  1211 | D:1      | Found Itusolox's Distillery.
  1219 | D:1      | Bought a potion of degeneration for 14 gold pieces
  1380 | D:2      | Found Juyhul's Antique Armour Shop.
  1437 | D:2      | Reached skill level 1 in Armour
  1439 | D:2      | Reached XP level 4. HP: 13/25 MP: 1/7
  1451 | D:2      | Learned a level 3 spell: Stone Arrow
  1595 | D:2      | Found Annipn's Magic Scroll Emporium.
  1713 | D:2      | Found Narocu's Jewellery Boutique.
  1967 | D:2      | Found Esyfuf's General Store.
  2183 | D:2      | Found Nueriy's Jewellery Shoppe.
  2198 | D:2      | Reached XP level 5. HP: 28/29 MP: 7/9
  2470 | D:3      | Found an opulent altar of Gozag.
  2520 | D:3      | Slain by a gnoll

Illustrated notes

Levels and vault maps discovered:
D:1:      minmay_arrival_cross, layout_loops_corners, serial_shops,
          nicolae_shop_crystal, nicolae_shop_waterfront, nicolae_shop_stone,
          nicolae_shop_trees
D:2:      layout_rooms, serial_shops, nicolae_shop_statue_plus,
          nicolae_shop_crystal, shop_fountains, nicolae_diamond_shop,
          nicolae_shop_stone, serial_undead, serial_undead_a, serial_undead_a,
          serial_undead_d, serial_undead_d, serial_undead_e
D:3:      layout_basic, grunt_gozag_breadcrumbs, jmf_multi_god_temple,
          serial_forest, infiniplex_forest_clump_diagonal,
          infiniplex_forest_lined_3_way, infiniplex_forest_clump_long,
          infiniplex_forest_clump_C, infiniplex_forest_pool

Skill      XL: |  1  2  3  4  5 |
---------------+----------------+-----
Earth Magic    | 4 |  4.5
Conjurations   | 1 2 |  2.0
Fighting       | 1 |  1.5
Armour         | 1 |  1.3
Dodging        | |  1.9
Stealth        | |  2.5
Spellcasting   | |  2.7
Transmutations | |  0.7

Action                   |  1- 3 |  4- 6 || total
-------------------------+-------+-------++-------
Melee: Unarmed           |     9 |       ||     9
       Short sword       |    26 |       ||    26
       Dagger            |    22 |    41 ||    63
 Cast: Sandblast         |    28 |    34 ||    62
  Use: Scroll            |       |     2 ||     2
 Stab: Sleeping          |     2 |     1 ||     3
Armor: Robe              |    30 |    11 ||    41
Dodge: Dodged            |    38 |    44 ||    82
